General information
			
			
        
        - name: BNet
 
        - type: Ladder team game (AT/RT)
 
        - host: Battle.net
 
        - saver: PRINCEOFPENlSES
 
        
map: RiverOfSouls 
        - players: 6
 
        - length: 37:29
 
        - speed: Fast
 - version: 1.22 W3XP
 - replay type:  Public
 
» download(243 KB)
Players
        team 1 (loser) 
              
              
Branko (
teal | 50 APM | 1863 actions | 37:26)
              
 4 Shadow Hunter 
 2 Hex
 2 Healing Wave
 3 Far Seer 
 2 Chain Lighting
 1 Far Sight
 
                » actions 
                
                | Assign group hotkey | 33 |  | 
| Basic commands | 34 |  | 
| Build / train | 74 |  | 
| Enter build submenu | 15 |  | 
| Enter hero's abilities submenu | 8 |  | 
| Give item / drop item | 2 |  | 
| Remove unit from queue | 7 |  | 
| Right click | 735 |  | 
| Select / deselect | 447 |  | 
| Select group hotkey | 364 |  | 
| Use ability | 144 |  | 
                1863 total
 » units 
                
                | Peon | 11 |  | 
| Troll Headhunter/Berserker | 19 |  | 
| Troll Witch Doctor | 3 |  | 
| Demolisher | 1 |  | 
| Spirit Walker | 1 |  | 
                35 total
 » upgrades
                
                | Ranged Weapons | 3 |  | 
| Troll Regeneration | 1 |  | 
| Witch Doctor Training | 2 |  | 
| Armor | 3 |  | 
| Berserker Upgrade | 1 |  | 
| Reinforced Defenses | 1 |  | 
| Spirit Walker Training | 2 |  | 
| Burning Oil | 1 |  | 
                14 total
 » buildings
                
                | Altar of Storms | 1 |  | 
| Orc Burrow | 7 |  | 
| War Mill | 1 |  | 
| Barracks | 2 |  | 
| Voodoo Lounge | 1 |  | 
| Stronghold | 1 |  | 
| Watch Tower | 1 |  | 
| Spirit Lodge | 2 |  | 
| Fortress | 1 |  | 
                17 total
 » build order
                00:23 Altar of Storms
00:36 Orc Burrow
00:40 War Mill
00:56 Barracks
01:50 Orc Burrow
02:36 Voodoo Lounge
04:33 Stronghold
04:50 Orc Burrow
05:06 Orc Burrow
05:27 Watch Tower
05:32 Orc Burrow
06:44 Barracks
07:49 Spirit Lodge
09:22 Fortress
14:19 Orc Burrow
14:19 Orc Burrow
18:39 Spirit Lodge
» items
                
                | Healing Salve | 2 |  | 
| Scroll of Speed | 2 |  | 
| Lesser Clarity Potion | 2 |  | 
| Potion of Mana | 2 |  | 
                8 total
  
               
              
              
» 
totalwar187 (
purple | 35 APM | 1326 actions | 37:27)
              
 3 Archmage 
 1 Summon Water Elemental
 1 Brilliance Aura
 1 Blizzard
 2 Blood Mage 
 1 Flame Strike
 1 Siphon Mana
 
                » actions 
                
                | Assign group hotkey | 25 |  | 
| Basic commands | 23 |  | 
| Build / train | 86 |  | 
| Enter build submenu | 29 |  | 
| Enter hero's abilities submenu | 6 |  | 
| Remove unit from queue | 1 |  | 
| Right click | 541 |  | 
| Select / deselect | 330 |  | 
| Select group hotkey | 231 |  | 
| Use ability | 54 |  | 
                1326 total
 » units 
                
                | Peasant | 19 |  | 
| Rifleman | 13 |  | 
| Mortar Team | 13 |  | 
| Dragonhawk Rider | 16 |  | 
| Siege Engine | 4 |  | 
                65 total
 » upgrades
                
                | Long Rifles | 1 |  | 
| Gunpowder | 2 |  | 
| Flare | 1 |  | 
| Cloud | 1 |  | 
| Fragmentation Shards | 1 |  | 
| Plating | 1 |  | 
| Swords | 1 |  | 
                8 total
 » buildings
                
                | Altar of Kings | 1 |  | 
| Farm | 13 |  | 
| Blacksmith | 1 |  | 
| Barracks | 2 |  | 
| Scout Tower | 5 |  | 
| Arcane Tower | 2 |  | 
| Keep | 1 |  | 
| Workshop | 1 |  | 
| Lumber Mill | 1 |  | 
| Gryphon Aviary | 2 |  | 
| Arcane Vault | 2 |  | 
| Castle | 1 |  | 
| Town Hall | 1 |  | 
                33 total
 » build order
                00:20 Altar of Kings
00:36 Farm
01:09 Blacksmith
01:17 Farm
01:52 Barracks
02:03 Farm
02:12 Scout Tower
02:34 Barracks
02:41 Arcane Tower
04:31 Scout Tower
04:36 Scout Tower
05:15 Arcane Tower
05:50 Farm
07:25 Keep
07:52 Farm
09:51 Workshop
10:14 Farm
10:37 Lumber Mill
11:10 Farm
12:22 Farm
14:04 Farm
14:06 Farm
17:33 Gryphon Aviary
17:35 Gryphon Aviary
18:50 Farm
18:53 Farm
19:02 Arcane Vault
19:21 Farm
20:20 Castle
27:43 Town Hall
32:30 Scout Tower
32:31 Scout Tower
35:19 Arcane Vault
» items
                 
               
              
              
» 
xCrImInAlx (
pink | 57 APM | 2112 actions | 37:20)
              
 4 Tauren Chieftain 
 2 Shockwave
 2 Endurance Aura
 
                » actions 
                
                | Basic commands | 115 |  | 
| Build / train | 72 |  | 
| Enter build submenu | 41 |  | 
| Enter hero's abilities submenu | 4 |  | 
| Right click | 1047 |  | 
| Select / deselect | 719 |  | 
| Use ability | 114 |  | 
                2112 total
 » units 
                
                | Peon | 13 |  | 
| Grunt | 8 |  | 
| Kodo Beast | 1 |  | 
| Troll Batrider | 13 |  | 
| Tauren | 3 |  | 
| Shaman | 2 |  | 
                40 total
 » upgrades
                
                | Armor | 1 |  | 
| Melee Weapons | 1 |  | 
| Berserker Strength | 1 |  | 
| War Drums Damage Increase | 1 |  | 
| Reinforced Defenses | 1 |  | 
| Liquid Fire | 1 |  | 
| Ranged Weapons | 1 |  | 
| Shaman Training | 2 |  | 
| Pulverize | 1 |  | 
                10 total
 » buildings
                
                | Altar of Storms | 1 |  | 
| Orc Burrow | 6 |  | 
| Barracks | 1 |  | 
| Voodoo Lounge | 1 |  | 
| Stronghold | 1 |  | 
| War Mill | 2 |  | 
| Fortress | 1 |  | 
| Beastiary | 2 |  | 
| Watch Tower | 18 |  | 
| Spirit Lodge | 1 |  | 
| Tauren Totem | 3 |  | 
                37 total
 » build order
                00:09 Altar of Storms
00:11 Orc Burrow
00:58 Barracks
01:35 Orc Burrow
02:33 Voodoo Lounge
03:42 Orc Burrow
04:22 Stronghold
04:42 War Mill
05:25 Orc Burrow
06:49 Fortress
06:53 Beastiary
07:44 Orc Burrow
09:22 Beastiary
11:21 Orc Burrow
13:00 Watch Tower
13:05 Watch Tower
20:49 Spirit Lodge
27:16 Watch Tower
27:18 Watch Tower
27:19 Watch Tower
27:22 Watch Tower
28:24 Watch Tower
28:28 Watch Tower
28:32 Watch Tower
28:36 Watch Tower
29:02 Tauren Totem
29:13 War Mill
29:56 Watch Tower
30:26 Watch Tower
30:29 Watch Tower
30:32 Watch Tower
31:26 Tauren Totem
31:30 Tauren Totem
31:42 Watch Tower
31:45 Watch Tower
32:37 Watch Tower
32:40 Watch Tower
» items
                
                | Healing Salve | 4 |  | 
| Lesser Clarity Potion | 4 |  | 
| Scroll of Speed | 2 |  | 
| Scroll of Town Portal | 2 |  | 
| Potion of Healing | 2 |  | 
| Potion of Lesser Invulnerability | 1 |  | 
                15 total
  
               team 2 (winner) 
              
              
FedEx (
yellow | 84 APM | 3130 actions | 37:27)
              
 6 Warden 
 2 Blink
 3 Shadow Strike
 1 Spirit of Vengeance
 
                » actions 
                
                | Assign group hotkey | 7 |  | 
| Basic commands | 29 |  | 
| Build / train | 58 |  | 
| Enter build submenu | 15 |  | 
| Enter hero's abilities submenu | 6 |  | 
| Give item / drop item | 4 |  | 
| Right click | 2400 |  | 
| Select / deselect | 200 |  | 
| Select group hotkey | 217 |  | 
| Use ability | 194 |  | 
                3130 total
 » units 
                
                | Wisp | 20 |  | 
| Druid of the Talon | 9 |  | 
                29 total
 » upgrades
                
                | Well Spring | 1 |  | 
| Strength of the Wild | 3 |  | 
| Reinforced Hides | 2 |  | 
| Druid of the Talon Training | 1 |  | 
                7 total
 » buildings
                
                | Altar of Elders | 1 |  | 
| Moon Well | 33 |  | 
| Tree of Ages | 3 |  | 
| Tree of Eternity | 1 |  | 
| Hunter's Hall | 1 |  | 
| Ancient of Wonders | 1 |  | 
| Ancient of Wind | 2 |  | 
                42 total
 » build order
                00:03 Altar of Elders
00:36 Moon Well
01:10 Moon Well
03:47 Moon Well
03:50 Moon Well
05:23 Moon Well
05:26 Moon Well
05:26 Moon Well
05:27 Moon Well
05:28 Moon Well
05:32 Moon Well
05:33 Moon Well
05:34 Moon Well
05:35 Moon Well
06:51 Tree of Ages
06:52 Tree of Ages
09:43 Tree of Eternity
09:46 Hunter's Hall
12:25 Ancient of Wonders
15:03 Ancient of Wind
15:05 Ancient of Wind
18:12 Moon Well
18:15 Moon Well
18:17 Moon Well
18:18 Moon Well
18:20 Moon Well
18:22 Moon Well
18:26 Moon Well
18:27 Moon Well
18:29 Moon Well
18:33 Moon Well
18:35 Moon Well
18:39 Moon Well
18:43 Moon Well
18:44 Moon Well
30:36 Moon Well
30:38 Moon Well
30:41 Moon Well
30:41 Moon Well
30:42 Moon Well
30:43 Moon Well
» items
                
                | Potion of Healing | 2 |  | 
| Boots of Speed | 1 |  | 
| Staff of Teleportation | 1 |  | 
| Periapt of Vitality | 2 |  | 
| Circlet of Nobility | 1 |  | 
| Lesser Clarity Potion | 1 |  | 
| Orb of Lightning | 1 |  | 
| Healing Salve | 1 |  | 
                10 total
  
               
              
              
PRINCEOFPENlSES (
green | 95 APM | 3563 actions | 37:29)
              
 5 Far Seer 
 3 Feral Spirit
 2 Chain Lighting
 4 Tauren Chieftain 
 2 Shockwave
 2 Endurance Aura
 
                » actions 
                
                | Assign group hotkey | 27 |  | 
| Basic commands | 6 |  | 
| Build / train | 52 |  | 
| ESC pressed | 1 |  | 
| Enter build submenu | 34 |  | 
| Enter hero's abilities submenu | 9 |  | 
| Give item / drop item | 8 |  | 
| Remove unit from queue | 1 |  | 
| Right click | 1891 |  | 
| Select / deselect | 689 |  | 
| Select group hotkey | 621 |  | 
| Use ability | 222 |  | 
                3563 total
 » units 
                » upgrades
                
                | Spiked Barricades | 3 |  | 
| Pillage | 1 |  | 
| Backpack | 1 |  | 
| Envenomed Spears | 1 |  | 
| War Drums Damage Increase | 1 |  | 
                7 total
 » buildings
                
                | Altar of Storms | 1 |  | 
| Orc Burrow | 4 |  | 
| War Mill | 1 |  | 
| Watch Tower | 20 |  | 
| Voodoo Lounge | 2 |  | 
| Stronghold | 1 |  | 
| Beastiary | 2 |  | 
| Fortress | 1 |  | 
| Great Hall | 2 |  | 
                34 total
 » build order
                00:06 Altar of Storms
00:17 Orc Burrow
00:42 War Mill
01:14 Orc Burrow
02:00 Watch Tower
02:18 Watch Tower
03:36 Voodoo Lounge
03:38 Watch Tower
03:52 Stronghold
04:25 Watch Tower
04:28 Watch Tower
04:44 Watch Tower
05:26 Orc Burrow
06:08 Watch Tower
06:10 Watch Tower
06:23 Beastiary
06:26 Beastiary
07:17 Watch Tower
07:56 Orc Burrow
09:38 Fortress
10:25 Watch Tower
10:31 Watch Tower
11:40 Watch Tower
11:42 Watch Tower
12:33 Voodoo Lounge
12:50 Watch Tower
20:54 Watch Tower
20:59 Watch Tower
23:02 Great Hall
23:04 Watch Tower
23:06 Watch Tower
23:27 Watch Tower
23:46 Great Hall
24:13 Watch Tower
» items
                
                | Staff of Teleportation | 2 |  | 
| Boots of Speed | 2 |  | 
| Healing Salve | 2 |  | 
| Lesser Clarity Potion | 1 |  | 
| Staff of Preservation | 2 |  | 
| Orb of Lightning | 2 |  | 
| Staff of Sanctuary | 2 |  | 
                13 total
  
               
              
              
TheCumKing (
orange | 65 APM | 2420 actions | 37:27)
              
 4 Archmage 
 2 Blizzard
 2 Brilliance Aura
 3 Paladin 
 2 Holy Light
 1 Divine Shield
 3 Mountain King 
 2 Storm Bolt
 1 Bash
 
                » actions 
                
                | Assign group hotkey | 5 |  | 
| Basic commands | 11 |  | 
| Build / train | 106 |  | 
| ESC pressed | 4 |  | 
| Enter build submenu | 70 |  | 
| Enter hero's abilities submenu | 10 |  | 
| Give item / drop item | 4 |  | 
| Remove unit from queue | 4 |  | 
| Right click | 1440 |  | 
| Select / deselect | 410 |  | 
| Select group hotkey | 144 |  | 
| Use ability | 212 |  | 
                2420 total
 » units 
                » upgrades
                
                | Masonry | 3 |  | 
| Lumber Harvesting | 1 |  | 
| Sorceress Training | 2 |  | 
| Magic Sentry | 1 |  | 
                7 total
 » buildings
                
                | Altar of Kings | 1 |  | 
| Farm | 6 |  | 
| Lumber Mill | 1 |  | 
| Scout Tower | 80 |  | 
| Arcane Tower | 8 |  | 
| Guard Tower | 38 |  | 
| Keep | 1 |  | 
| Arcane Vault | 3 |  | 
| Arcane Sanctum | 1 |  | 
| Castle | 1 |  | 
| Gryphon Aviary | 1 |  | 
| Town Hall | 1 |  | 
                142 total
 » build order
                00:05 Altar of Kings
00:21 Farm
00:26 Lumber Mill
01:20 Farm
01:25 Scout Tower
01:28 Scout Tower
01:42 Scout Tower
01:52 Scout Tower
01:55 Scout Tower
01:56 Arcane Tower
02:00 Scout Tower
02:18 Scout Tower
02:21 Guard Tower
02:23 Scout Tower
02:25 Guard Tower
02:28 Scout Tower
02:38 Scout Tower
02:46 Arcane Tower
02:47 Guard Tower
02:49 Scout Tower
02:51 Guard Tower
03:42 Guard Tower
03:43 Scout Tower
03:46 Scout Tower
03:47 Scout Tower
03:48 Scout Tower
03:48 Scout Tower
03:50 Guard Tower
03:55 Scout Tower
03:56 Scout Tower
03:57 Scout Tower
03:58 Scout Tower
03:58 Scout Tower
03:59 Scout Tower
04:15 Scout Tower
04:17 Guard Tower
04:39 Guard Tower
04:46 Scout Tower
04:47 Scout Tower
04:47 Scout Tower
04:48 Scout Tower
04:48 Scout Tower
04:49 Guard Tower
04:52 Guard Tower
05:14 Keep
05:38 Guard Tower
05:39 Scout Tower
05:40 Scout Tower
05:43 Guard Tower
05:49 Arcane Vault
05:51 Guard Tower
05:59 Scout Tower
06:00 Scout Tower
06:00 Scout Tower
06:01 Scout Tower
06:02 Scout Tower
06:02 Scout Tower
06:13 Arcane Tower
06:14 Arcane Tower
06:36 Guard Tower
06:38 Guard Tower
06:55 Guard Tower
07:36 Guard Tower
08:05 Arcane Sanctum
08:18 Farm
08:20 Guard Tower
08:25 Arcane Tower
09:12 Farm
09:37 Scout Tower
09:41 Scout Tower
09:42 Scout Tower
09:46 Guard Tower
10:12 Guard Tower
10:14 Scout Tower
10:15 Scout Tower
10:16 Scout Tower
10:18 Guard Tower
10:34 Castle
10:44 Guard Tower
10:46 Arcane Tower
10:47 Guard Tower
10:54 Scout Tower
10:55 Scout Tower
10:56 Scout Tower
10:56 Scout Tower
10:58 Scout Tower
10:59 Scout Tower
10:59 Scout Tower
10:59 Scout Tower
11:41 Guard Tower
12:38 Arcane Vault
12:40 Guard Tower
13:43 Arcane Vault
15:48 Farm
15:53 Gryphon Aviary
16:52 Farm
18:19 Scout Tower
18:49 Scout Tower
18:50 Arcane Tower
19:14 Town Hall
19:16 Scout Tower
19:17 Scout Tower
19:44 Scout Tower
19:45 Scout Tower
19:48 Scout Tower
20:03 Guard Tower
20:19 Guard Tower
20:22 Scout Tower
20:23 Scout Tower
20:24 Scout Tower
20:25 Scout Tower
20:25 Scout Tower
20:27 Scout Tower
20:52 Arcane Tower
21:01 Guard Tower
21:21 Guard Tower
21:24 Guard Tower
22:25 Scout Tower
22:26 Scout Tower
22:27 Scout Tower
22:28 Scout Tower
23:02 Scout Tower
23:03 Scout Tower
23:43 Guard Tower
23:46 Guard Tower
24:03 Guard Tower
24:28 Guard Tower
28:27 Scout Tower
28:27 Scout Tower
28:28 Scout Tower
28:29 Scout Tower
28:31 Scout Tower
28:37 Scout Tower
28:37 Scout Tower
28:40 Scout Tower
28:40 Scout Tower
28:41 Scout Tower
28:41 Scout Tower
29:04 Guard Tower
29:21 Guard Tower
30:51 Guard Tower
» items
                
                | Healing Salve | 1 |  | 
| Staff of Teleportation | 3 |  | 
| Boots of Speed | 3 |  | 
| Staff of Sanctuary | 2 |  | 
| Orb of Lightning | 1 |  | 
| Periapt of Vitality | 1 |  | 
| Orb of Venom | 1 |  | 
                12 total
  
                Chat log
          (00:32 / Allies) TheCumKing: bia is here
(00:34 / Allies) TheCumKing: we can 4s after
(01:45 / Allies) TheCumKing: lumbar plz
(03:06 / Allies) PRINCEOFPENlSES: owned
(04:26 / Allies) FedEx: where is the fast moon well upg
(04:31 / Allies) TheCumKing: t3
(04:33 / Allies) TheCumKing: at hunter
(04:36 / Allies) FedEx: thats what i thought
(05:54 / Allies) TheCumKing: gold plz
(06:17 / Allies) FedEx: lol
(06:20 / Allies) TheCumKing: lol
(06:25 / All) FedEx: bye noob
(07:03 / Allies) FedEx: this ne business
(07:05 / Allies) FedEx: is p easy
(07:55 / Allies) TheCumKing: luma
(08:05 / Allies) TheCumKing: ty
(09:27 / Allies) TheCumKing: researching invis
(09:36 / Allies) FedEx: needs moar towa
(10:12 / Allies) FedEx: have some lumber
(10:13 / Allies) FedEx: my allies
(11:05 / Allies) TheCumKing: gold?
(11:07 / Allies) FedEx: fuck
(11:50 / Allies) TheCumKing: how the kodos coming?
(11:53 / Allies) PRINCEOFPENlSES: good
(11:56 / Allies) PRINCEOFPENlSES: 49 food
(11:58 / Allies) PRINCEOFPENlSES: dey rdy
(12:00 / Allies) TheCumKing: sorcs
(12:12 / Allies) PRINCEOFPENlSES: elf shops
(12:14 / Allies) PRINCEOFPENlSES: need staves
(12:26 / Allies) FedEx: o
(12:27 / Allies) FedEx: rite
(12:35 / Allies) TheCumKing: im almost t3
(12:37 / Allies) PRINCEOFPENlSES: also more than 1 hu shop pro
(12:38 / Allies) PRINCEOFPENlSES: b
(12:42 / Allies) TheCumKing: k
(14:05 / Allies) TheCumKing: if we are both shared can i staff ur units?
(14:09 / Allies) PRINCEOFPENlSES: no
(14:43 / Allies) TheCumKing: fed get AA
(14:43 / All) xCrImInAlx: mass air?
(14:48 / All) PRINCEOFPENlSES: shit
(14:49 / Allies) FedEx: wat aa
(14:50 / All) PRINCEOFPENlSES: u got it
(14:53 / Allies) TheCumKing: 50 food dotts or hippos
(15:07 / Allies) FedEx: o
(15:08 / Allies) FedEx: k
(15:20 / Allies) TheCumKing: eat dem kodos!
(15:25 / Allies) PRINCEOFPENlSES: bring sorcs closer
(16:34 / Allies) TheCumKing: lol @ dis
(17:00 / Allies) TheCumKing: they have sight
(17:05 / Allies) TheCumKing: owned
(17:06 / Allies) PRINCEOFPENlSES: oh god
(17:15 / Allies) PRINCEOFPENlSES: so many kodos
(17:17 / Allies) TheCumKing: witch docs
(17:58 / Allies) FedEx: wtf
(18:01 / Allies) PRINCEOFPENlSES: more wells imo
(18:08 / Allies) FedEx: ok
(18:20 / Allies) PRINCEOFPENlSES: also not sure what to do with kodos now
(18:24 / Allies) TheCumKing: lol
(18:30 / Allies) TheCumKing: go steal peons
(18:31 / Allies) TheCumKing: for lols
(18:36 / Allies) PRINCEOFPENlSES: i guess
(18:53 / Allies) PRINCEOFPENlSES: akodostolemybaby would be a good gimmick name
(18:54 / Allies) PRINCEOFPENlSES: for this
(18:59 / Allies) TheCumKing: lol
(19:00 / Allies) TheCumKing: yes
(19:14 / Allies) PRINCEOFPENlSES: sighhhttt
(19:18 / Allies) PRINCEOFPENlSES: everywehre
(19:35 / Allies) TheCumKing: ahahah
(20:13 / Allies) FedEx: yeaaa
(20:13 / Allies) PRINCEOFPENlSES: owned
(20:18 / All) PRINCEOFPENlSES: sorry for your loss
(20:20 / All) FedEx: IM A GROLLIA
(21:24 / Allies) FedEx: gaay
(21:25 / Allies) PRINCEOFPENlSES: counter kodos for pink
(21:30 / Allies) TheCumKing: lol
(21:35 / All) totalwar187: sorry for ur lose
(22:07 / Allies) FedEx: this is dotta right
(22:08 / Allies) PRINCEOFPENlSES: ps he has hawks
(22:16 / Allies) TheCumKing: you got hippos?
(22:22 / Allies) FedEx: dotta
(22:35 / Allies) FedEx: yea
(23:22 / All) totalwar187: ok
(23:24 / Allies) TheCumKing: drop them to the ground nub
(23:27 / Allies) TheCumKing: good
(23:35 / Allies) FedEx: i was baiting them
(24:39 / Allies) TheCumKing: hawks
(26:17 / All) FedEx: sorry 4 ur lose
(26:55 / Allies) PRINCEOFPENlSES: 2 grunts and a rifle at my base
(26:58 / Allies) PRINCEOFPENlSES: getting eaten
(27:01 / Allies) TheCumKing: lol
(27:44 / Allies) FedEx: hungry hungry warden
(28:10 / Allies) FedEx: interesting
(28:47 / Allies) FedEx: lol
(28:59 / Allies) TheCumKing: lol
(28:59 / Allies) TheCumKing: nice
(29:09 / Allies) FedEx: lol he clouds me
(29:13 / Allies) TheCumKing: ahaha
(29:16 / Allies) TheCumKing: funny shit
(29:24 / Allies) PRINCEOFPENlSES: 4 rifles eaten
(29:25 / Allies) PRINCEOFPENlSES: woot
(29:37 / Allies) TheCumKing: can u eat tanks?
(29:39 / Allies) PRINCEOFPENlSES: no
(29:42 / Allies) TheCumKing: :*(
(29:57 / Allies) FedEx: stomped
(29:58 / Allies) PRINCEOFPENlSES: check that timing
(30:15 / Allies) FedEx: this is ownage
(30:58 / Allies) TheCumKing: lol fail
(31:09 / Allies) FedEx: owned
(31:10 / Allies) FedEx: completely
(31:16 / Allies) PRINCEOFPENlSES: dual staves is so gay btw
(31:22 / Allies) TheCumKing: lol yes
(31:31 / Allies) TheCumKing: wanna kill bm?
(31:37 / Allies) PRINCEOFPENlSES: wanna eat some shit
(31:49 / Allies) TheCumKing: lol
(31:58 / All) PRINCEOFPENlSES: hungry hungry kodos
(32:22 / Allies) FedEx: laffffo
(32:28 / Allies) FedEx: poor am
(33:27 / Allies) PRINCEOFPENlSES: give it a sec and tc back
(34:09 / Allies) FedEx: lol
(34:30 / Allies) PRINCEOFPENlSES: owned
(34:59 / Allies) FedEx: p much yeah
(35:14 / Allies) TheCumKing: tuaren
(35:14 / Allies) TheCumKing: lol
(35:17 / Allies) TheCumKing: come eat them
(35:21 / Allies) PRINCEOFPENlSES: woot
(35:29 / Allies) PRINCEOFPENlSES: first decent thing this game
(35:48 / Allies) PRINCEOFPENlSES: draw them out a lil if you can
(36:10 / Allies) TheCumKing: in behind
(36:11 / Allies) PRINCEOFPENlSES: oh gay sight
(36:42 / Allies) FedEx: he keeps clouding me
(37:03 / Allies) PRINCEOFPENlSES: got em
(37:07 / All) PRINCEOFPENlSES: gotta eat em all
(37:22 / All) PRINCEOFPENlSES: 4 tauren
(37:22 / All) TheCumKing: gg nubs
(37:26 / All) PRINCEOFPENlSES: that doesnt cost much right?